 Dungeon Crawl Stone Soup version 0.30-a0-540-g0af01429fa (webtiles) character file.

Game seed: 3983907773778127047

2119 Jase the Cleaver (level 9, -13/79 HPs)
             Began as a Hill Orc Fighter on Dec 25, 2022.
             Was a Priest of Zin.
             Mangled by an orc warlord
             ... wielding a +6 battleaxe
              (24 damage)
             ... in a bailey.
             The game lasted 00:25:46 (7235 turns).

Jase the Cleaver (Hill Orc Fighter)                 Turns: 7235, Time: 00:25:46

Health: -13/79     AC: 19    Str: 26    XL:     9   Next: 29%
Magic:  0/23       EV:  7    Int: 11    God:    Zin [***...]
Gold:   463        SH:  0    Dex: 13    Spells: 8/8 levels left

rFire   . . .      SeeInvis .    a - +0 broad axe
rCold   . . .      Faith    .    (no shield)
rNeg    . . .      Spirit   +    b - +0 plate armour
rPois   ∞          Reflect  .    (no helmet)
rElec   .          Harm     .    n - scarf {repulsion}
rCorr   .          Rampage  .    r - +0 pair of gloves
Will    .....                    (no boots) Stlth
                                 y - amulet of guardian spirit
HPRegen 0.33/turn                v - ring of the Two Names {rPois AC+4}
MPRegen 0.18/turn                E - ring of magical power

@: vitalised, on recite cooldown, hasted, repel missiles, very quick
A: no striking features
a: Renounce Religion, Recite, Vitalisation, Imprison, Donate Gold


You were in a bailey.
You worshipped Zin.
Zin was most pleased with you.
You visited 2 branches of the dungeon, and saw 8 of its levels.
You also visited: Bailey.

You collected 514 gold pieces.
You donated 51 gold pieces to Zin.

Inventory:

Hand Weapons
 a - a +0 broad axe (weapon)
 d - a +0 battleaxe
Missiles
 c - 48 stones
 h - 2 javelins
 t - 2 poisoned darts (quivered)
 w - 14 boomerangs
 C - 4 curare-tipped darts
Armour
 b - a +0 plate armour (worn)
 n - a scarf of repulsion (worn)
 r - a +0 pair of gloves (worn)
Jewellery
 v - the ring of the Two Names (left hand) {rPois AC+4}
   (You found it on level 4 of the Dungeon)

   [ring of protection]

   AC:        It affects your AC (+4).
   rPois:     It protects you from poison.
 y - an amulet of guardian spirit (around neck)
 E - a ring of magical power (right hand)
Wands
 l - a wand of iceblast (10)
 x - a wand of flame (29)
Scrolls
 e - 5 scrolls of teleportation
 j - 2 scrolls of blinking {unknown}
 m - a scroll of magic mapping
 o - a scroll of summoning {unknown}
 p - a scroll of torment {unknown}
 q - a scroll of fog {unknown}
 s - 2 scrolls of enchant armour {unknown}
 u - a scroll of enchant weapon {unknown}
 B - a scroll of amnesia {unknown}
 F - a scroll of fear {unknown}
Potions
 g - 2 potions of curing
 z - a potion of flight


   Skills:
 - Level 7.0 Fighting
 + Level 9.1 Axes
 + Level 8.1 Armour
 - Level 3.2 Shields
 + Level 6.8 Invocations


You had 8 spell levels left.
You didn't know any spells.
Your spell library contained the following spells:

 Spells                   Type           Power      Damage    Failure   Level
 Freeze                   Ice            0%         1d3       98%         1
 Shock                    Conj/Air       0%         1d3       98%         1
 Frozen Ramparts          Ice            0%         1d1       100%        3
 Hailstorm                Conj/Ice       0%         3d3       100%        3
 Swiftness                Air            0%         N/A       100%        3
 Airstrike                Air            0%         2d(0-16)  100%        4


Dungeon Overview and Level Annotations

Branches:
Dungeon (7/15)             Temple (1/1) D:5          Bailey (1/1)

Altars:
Cheibriados
Dithmenos
Elyvilon
Fedhas
Gozag
Hepliaklqana
Nemelex Xobeh
Okawaru
Qazlal
Trog
Uskayaw
Wu Jian
Yredelemnul
Zin
The Shining One


Message History

You closely miss the gnoll. The gnoll barely misses you.
The orc warlord completely misses you.
You barely miss the orc warlord.
The orc warlord is heavily wounded.
You slash the gnoll! The gnoll hits you but does no damage.
The orc warlord completely misses you.
You barely miss the orc warlord.
The orc warlord is heavily wounded.
You hit the gnoll. The gnoll barely misses you.
You hit the orc warlord.
The orc warlord is heavily wounded.
You closely miss the gnoll.
The orc warlord hits you with a +6 battleaxe!!
* * * LOW HITPOINT WARNING * * *
You feel much better. The gnoll hits you with a +0 hand axe.
The orc warlord hits you with a +6 battleaxe.
Okay, then.
You hit the orc warlord.
The orc warlord is heavily wounded.
You hit the gnoll but do no damage. You closely miss the hobgoblin.
The gnoll barely misses you.
The hobgoblin hits you but does no damage.
The orc warlord hits you with a +6 battleaxe!
You slice the orc warlord!!
The orc warlord is severely wounded.
You closely miss the gnoll. You closely miss the hobgoblin.
The gnoll hits you with a +0 hand axe.
* * * LOW HITPOINT WARNING * * *
The hobgoblin hits you but does no damage.
The orc warlord hits you with a +6 battleaxe!
* * * LOW HITPOINT WARNING * * *
You slash the orc warlord!
The orc warlord is almost dead.
You barely miss the gnoll. You completely miss the hobgoblin.
The gnoll barely misses you. The hobgoblin closely misses you.
You barely miss the orc warlord.
The orc warlord is almost dead.
You closely miss the gnoll. You hit the hobgoblin.
The orc warlord hits you with a +6 battleaxe!!
You die...

..⌠.... ...(... .....
.(.### ♣♣♣♣♣♣ #'#.###
♣♣♣..♣.♣
###.(...###♣......♣
##.........##......♣♣
#......o)...#.......♣
#......g@...'.......♣
#.....⌠g.)))).[∩.∩..♣
#..........)).......♣
#...........#)......♣
###.........##.......♣
###.###.....###♣.♣.....♣
## ###.....#'#.###
♣♣♣♣♣..♣♣
.###.......).### ♣♣♣♣
..#...........#


You could see an orc warlord (poisoned), a gnoll and a hobgoblin.

Vanquished Creatures
  An orc knight (Bailey)
  A wyvern (D:7)
  A steam dragon (D:6)
  4 orc warriors (Bailey)
  An ice beast (D:5)
  An ogre (D:5)
  A phantom (D:5)
  A scorpion (D:4)
  A howler monkey (D:5)
  A hound (D:4)
  A jelly (D:6)
  An orc priest (D:4)
  8 iguanas
  Ijyb (D:4)
  3 orc wizards
  6 gnolls
  12 adders
  3 white imps
  An ufetubus (D:5)
  3 worms
  2 dart slugs
  26 orcs
  3 ball pythons
  6 bats
  7 endoplasms
  2 giant cockroaches
  8 goblins
  18 hobgoblins
  2 quokkas (D:1)
  2 frilled lizards (D:3)
  10 kobolds
  5 rats
143 creatures vanquished.

Vanquished Creatures (others)
  A fungus (D:3)
  5 plants (D:5)
6 creatures vanquished.

Grand Total: 149 creatures vanquished

Notes
Turn   | Place    | Note
-------+----------+-------------------------------------------
     0 | D:1      | Jase the Hill Orc Fighter began the quest for the Orb.
     0 | D:1      | Reached XP level 1. HP: 19/19 MP: 1/1
   120 | D:1      | Reached skill level 3 in Axes
   123 | D:1      | Reached XP level 2. HP: 27/27 MP: 2/2
   694 | D:1      | Reached XP level 3. HP: 30/33 MP: 3/3
  1521 | D:2      | Reached XP level 4. HP: 30/41 MP: 4/4
  1673 | D:2      | Reached skill level 4 in Axes
  1797 | D:2      | Found a faded altar of an unknown god.
  2195 | D:3      | Found a shadowy altar of Dithmenos.
  2465 | D:3      | Reached XP level 5. HP: 42/47 MP: 5/5
  2605 | D:2      | Reached skill level 5 in Fighting
  3024 | D:4      | Identified the ring of the Two Names {rPois AC+4}
  3071 | D:4      | Reached skill level 5 in Axes
  3106 | D:4      | Found an iron altar of Okawaru.
  3188 | D:4      | Noticed Ijyb
  3220 | D:4      | Reached XP level 6. HP: 4/56 MP: 6/6
  3224 | D:4      | Killed Ijyb
  3225 | D:4      | Reached skill level 5 in Armour
  3956 | D:5      | Entered Level 5 of the Dungeon
  4015 | D:5      | Reached XP level 7. HP: 52/63 MP: 3/7
  4124 | D:5      | Found a glowing golden altar of the Shining One.
  4211 | D:5      | Became a worshipper of the Shining One
  4263 | D:5      | Reached skill level 6 in Axes
  4317 | D:5      | Found a staircase to the Ecumenical Temple.
  4328 | Temple   | Entered the Ecumenical Temple
  4369 | Temple   | Fell from the grace of the Shining One
  4369 | Temple   | Became a worshipper of Zin the Law-Giver
  4369 | Temple   | Reached * piety under Zin
  4678 | D:5      | Reached skill level 1 in Invocations
  5319 | D:5      | Reached XP level 8. HP: 71/71 MP: 10/10
  5756 | D:6      | Reached ** piety under Zin
  5774 | D:6      | Reached skill level 7 in Axes
  6039 | D:6      | Found a hide-covered altar of Uskayaw.
  6247 | D:6      | Found an opulent altar of Gozag.
  6260 | D:6      | Reached *** piety under Zin
  6353 | D:7      | Noticed a wyvern
  6361 | D:7      | Killed a wyvern
  6456 | D:7      | Found a flagged portal.
  6476 | Bailey   | Entered a bailey
  6535 | Bailey   | Reached skill level 5 in Invocations
  6566 | Bailey   | Reached skill level 8 in Axes
  7095 | Bailey   | Reached XP level 9. HP: 64/79 MP: 13/13
  7112 | Bailey   | Noticed an orc knight
  7114 | Bailey   | Noticed an orc warlord
  7136 | Bailey   | Killed an orc knight
  7137 | Bailey   | Reached skill level 9 in Axes
  7235 | Bailey   | Mangled by an orc warlord

Illustrated notes

Levels and vault maps discovered:
D:1:      dpeg_arrival_arbitrary_a, layout_loops_corners
D:2:      layout_loops_corners, serial_rivers, chequers_serial_rivers_room_b,
          chequers_serial_rivers_room_b, chequers_serial_rivers_micro_b,
          chequers_serial_rivers_small_b,
          chequers_ecumenical_altar_simple_redux, minmay_crystal_water
D:3:      layout_rooms, mainiacjoe_overflow_boulevard,
          minmay_misc_feat_diagonals, minmay_ruptured
D:4:      layout_basic, okawaru_trees_1, uniq_ijyb
D:5:      layout_gridville, nicolae_tso_swordbearing_angel, temple_statues,
          serial_bayou_pond_a
D:6:      layout_rooms, nicolae_gozag_cash_rules_everything_around_me,
          mainiacjoe_overflow_alcove_1
D:7:      layout_loops_ring, palyth_temple_overflow_mages, serial_shops,
          kennysheep_mini_moat, enter_bailey_4, gammafunk_ghost_gnarly_gnolls
Temple:   jpeg_temple_alley_garden
Bailey:   bailey_axe_minmay_hex_keep, bailey

Skill      XL: |  1  2  3  4  5  6  7  8  9 |
---------------+----------------------------+-----
Axes           | 3 4 5 6 8 9 |  9.1
Fighting       | 4 5 6 7 |  7.0
Armour         | 4 5 6 7 8 |  8.1
Invocations    | 2 5 6 |  6.8
Shields        | |  3.2

Action                   |  1- 3 |  4- 6 |  7- 9 || total
-------------------------+-------+-------+-------++-------
Melee: War axe           |    92 |    35 |       ||   127
       Punch             |     1 |       |     4 ||     5
       Hand axe          |       |   145 |   139 ||   284
       Broad axe         |       |       |   146 ||   146
Throw: Dart              |       |       |    11 ||    11
       Javelin           |       |       |     2 ||     2
Invok: Vitalisation      |       |       |     4 ||     4
       Recite            |       |       |     4 ||     4
Evoke: Wand              |       |       |     1 ||     1
  Use: Scroll            |       |       |     7 ||     7
       Potion            |       |       |     3 ||     3
 Stab: Confused          |       |       |     2 ||     2
Armor: Scale mail        |    49 |   104 |    45 ||   198
       Plate armour      |       |       |    46 ||    46
       Chain mail        |       |       |    27 ||    27
Dodge: Dodged            |    38 |    82 |    88 ||   208
       Repelled          |       |     2 |     2 ||     4

Table legend: (Time is in decaauts)
 A = Elapsed time spent in this place.
 B = Non-inter-level travel time spent in this place.
 C = Inter-level travel time spent in this place.
 D = Time resting spent in this place.
 E = Time spent auto-exploring this place.
 F = Levels seen in this place.
 G = Mean time per level.
                   A        B        C        D        E       F      G
               +--------+--------+--------+--------+--------+-----+--------+
         Total |   7314 |   6924 |    390 |   1103 |   4172 |   9 |  812.7 |
       Dungeon |   6310 |   5972 |    338 |    794 |   4011 |   7 |  901.4 |
        Temple |    225 |    173 |     52 |      0 |    161 |   1 |  225.0 |
        Bailey |    778 |    778 |      0 |    309 |      0 |   1 |  778.0 |
               +--------+--------+--------+--------+--------+-----+--------+

Top non-repeatable levels by time:
     D:5: 1338 daAuts
     D:2: 1112 daAuts
     D:4: 1078 daAuts
     D:1: 1071 daAuts
     D:6: 825 daAuts
  Bailey: 778 daAuts
     D:3: 753 daAuts
  Temple: 225 daAuts
     D:7: 130 daAuts
